Map: Neon Violet Square LE

Players

Ryung

  • Race: Terran Terran
  • League: Master
  • Spawn Location: 5:00

SpeCial - Winner!

  • Race: Terran Terran
  • League: Master
  • Spawn Location: 11:00

Event: Memes & Dreams Invitational

VOD

Have the link to the VOD?

Description

Time

  • Played on: April 14, 2018, 6:11 a.m.
  • Length: 12:34

All games in this series

Show
View Real Time Build Order
Export as new Build Order

Ryung Terran 

Build Orders: Cyclone Opening, Reaper Expand, Mech 

Get SALT Encoding   

  12  0:01  SCV  
  13  0:13  SCV  
  14  0:18  Supply Depot  
  14  0:25  SCV  
  15  0:40  SCV  
  15  0:41  Barracks  
  16  0:45  Refinery  
  16  0:52  SCV  
  17  1:04  SCV  
  18  1:16  SCV  
  19  1:28  Reaper  
  19  1:29  Orbital Command  
  20  1:42  Command Center  
  20  1:53  Supply Depot  
  20  1:55  SCV  
  20  2:00  Marine  
  22  2:07  SCV  
  23  2:10  Factory  
  23  2:15  Refinery  
  23  2:19  Marine, SCV  
  24  2:28  Bunker  
  24  2:31  SCV  
  25  2:38  Marine  
  25  2:43  SCV  
  27  2:53  Cyclone  
  27  2:55  SCV  
  27  2:57  Supply Depot  
  31  3:04  Barracks Reactor  
  29  3:07  SCV  
  30  3:16  Command Center  
  30  3:19  SCV  
  31  3:28  Cyclone  
  31  3:32  SCV  
  35  3:38  Supply Depot  
  35  3:44  SCV  
  36  3:56  SCV  
  37  4:06  Cyclone x2  
  37  4:08  SCV  
  44  4:18  Command Center  
  44  4:25  SCV  
  45  4:37  SCV  
  46  4:40  Cyclone x2  
  52  4:49  Supply Depot  
  52  4:51  Orbital Command  
  52  4:54  SCV  
  53  5:06  SCV  
  54  5:14  Refinery  
  54  5:15  Refinery, Cyclone  
  54  5:18  SCV  
  54  5:19  Cyclone  
  61  5:22  SCV  
  62  5:34  SCV  
  62  5:35  Orbital Command  
  63  5:38  SCV  
  64  5:44  Barracks Tech Lab  
  64  5:46  SCV  
  64  5:50  SCV  
  64  5:54  Cyclone  
  67  5:58  SCV  
  57  6:05  SCV  
  57  6:06  SCV  
  54  6:29  Factory  
  54  6:32  Barracks Reactor  
  54  6:33  Starport, SCV  
  54  6:35  SCV  
  54  6:38  SCV  
  57  6:45  SCV  
  58  6:47  SCV  
  58  6:48  Siege Tank  
  58  6:50  SCV  
  63  6:57  SCV  
  63  6:59  SCV  
  65  7:01  Armory  
  65  7:02  SCV  
  66  7:09  SCV  
  66  7:11  SCV  
  66  7:14  SCV, Refinery  
  68  7:16  Refinery  
  68  7:20  Viking  
  68  7:22  SCV, Viking  
  73  7:23  SCV  
  73  7:26  SCV  
  73  7:28  Siege Tank  
  78  7:34  SCV  
  78  7:35  SCV  
  80  7:38  Supply Depot, SCV  
  80  7:39  Supply Depot  
  80  7:46  SCV  
  80  7:47  Factory, SCV  
  80  7:50  SCV  
  83  7:51  Supply Depot  
  83  7:52  Supply Depot  
  83  7:55  Terran Vehicle Weapons Level 1  
  83  7:58  SCV  
  84  8:01  SCV  
  84  8:02  SCV  
  84  8:04  Siege Tank  
  89  8:10  SCV  
  90  8:18  Command Center  
  89  8:21  SCV x2  
  89  8:27  Hellion x2, Infernal Pre-Igniter  
  91  8:29  Viking  
  91  8:31  Viking  
  99  8:34  Factory Tech Lab  
  99  8:45  SCV x3  
  102  8:51  Factory  
  102  8:54  Hellion x2  
  102  8:55  Factory, Siege Tank  
  106  8:57  Siege Tank, SCV x2  
  106  8:58  SCV  
  112  9:07  Supply Depot  
  112  9:08  Supply Depot  
  112  9:09  SCV x2  
  114  9:10  SCV  
  114  9:12  Viking  
  117  9:20  Smart Servos  
  117  9:27  Supply Depot  
  117  9:29  SCV x3, Viking  
  121  9:33  Orbital Command  
  121  9:38  Factory Reactor, Factory Tech Lab  
  121  9:41  SCV x3  
  124  9:46  Hellion, Siege Tank x2  
  124  9:47  Hellion, Viking  
  124  9:52  Armory  
  136  9:59  SCV x3, Viking  
  138  10:12  Refinery x2  
  137  10:22  Siege Tank x2  
  137  10:23  Hellion x2, Siege Tank  
  134  10:29  Hellion  
  134  10:30  Hellion, SCV x2  
  134  10:31  SCV  
  134  10:34  Viking x2  
  145  10:42  SCV, Orbital Command  
  142  10:43  SCV  
  142  10:45  Cyclone  
  142  10:47  Liberator  
  142  10:48  Liberator  
  142  10:49  Cyclone  
  147  10:54  Siege Tank  
  147  10:55  SCV x2  
  148  11:12  Supply Depot x2  
  148  11:14  Supply Depot  
  148  11:16  Supply Depot  
  145  11:29  Cyclone x2  
  143  11:33  Cyclone  
  143  11:43  SCV x4  
  143  11:45  Cyclone  
  121  12:27  Refinery  
  110  12:31  Refinery  
Show
View Real Time Build Order
Export as new Build Order

SpeCial Terran - Winner!

Build Orders: Mech 

Get SALT Encoding   

  12  0:00  SCV  
  13  0:12  SCV  
  14  0:19  Supply Depot  
  14  0:24  SCV  
  15  0:40  SCV  
  16  0:43  Barracks  
  16  0:48  Refinery  
  16  1:01  Barracks  
  16  1:05  SCV  
  17  1:17  SCV  
  18  1:30  Orbital Command  
  18  1:32  Reaper  
  19  1:36  Supply Depot  
  19  1:49  Reaper  
  20  1:56  SCV  
  21  2:08  Reaper  
  21  2:11  SCV  
  23  2:20  Marine  
  24  2:23  SCV  
  25  2:31  Command Center  
  25  2:35  SCV  
  26  2:42  Marine  
  27  2:45  Factory  
  27  2:48  SCV  
  27  2:49  Refinery  
  28  2:54  Bunker  
  28  3:02  SCV  
  28  3:05  Supply Depot  
  29  3:14  SCV  
  29  3:17  Marine  
  31  3:26  SCV  
  32  3:35  Cyclone  
  32  3:38  SCV  
  36  3:41  Starport  
  36  3:44  Orbital Command  
  36  3:50  SCV  
  37  4:03  SCV  
  37  4:07  Cyclone  
  37  4:09  SCV  
  42  4:10  Liberator  
  42  4:15  SCV  
  43  4:22  SCV  
  44  4:27  SCV  
  44  4:29  Command Center  
  48  4:32  Supply Depot  
  48  4:34  SCV  
  49  4:39  SCV  
  49  4:43  Factory Tech Lab  
  50  4:45  Refinery  
  50  4:46  SCV  
  50  4:49  Refinery  
  50  4:51  SCV  
  52  4:55  Supply Depot  
  52  4:58  SCV  
  53  5:03  SCV  
  53  5:05  Siege Tank  
  57  5:10  SCV  
  58  5:15  SCV  
  58  5:17  Supply Depot  
  59  5:22  SCV  
  59  5:27  SCV  
  61  5:34  SCV  
  62  5:37  Siege Tank  
  62  5:38  Armory x2  
  62  5:40  SCV, Starport Tech Lab  
  62  5:42  Barracks Reactor  
  66  5:48  Orbital Command  
  66  5:49  SCV  
  66  5:52  SCV  
  67  6:01  SCV  
  67  6:04  SCV  
  64  6:09  Siege Tank  
  61  6:13  SCV  
  61  6:15  SCV  
  61  6:16  SCV  
  63  6:20  Raven  
  63  6:25  SCV  
  65  6:27  SCV  
  65  6:28  Factory, SCV  
  67  6:37  SCV, Refinery  
  67  6:38  Refinery, Terran Vehicle Weapons Level 1  
  69  6:40  SCV x2  
  69  6:44  Terran Vehicle And Ship Armor Level 1  
  69  6:45  Command Center  
  72  6:49  SCV  
  72  6:52  SCV x2  
  73  6:56  Factory  
  73  6:57  Hellion  
  73  6:58  Barracks Reactor  
  75  7:01  SCV  
  75  7:03  Supply Depot  
  75  7:04  SCV x2  
  78  7:13  Hellion, SCV  
  78  7:14  Hellion  
  83  7:16  SCV x2, Engineering Bay  
  83  7:18  Siege Tank, Viking  
  83  7:20  Supply Depot  
  90  7:26  SCV  
  90  7:28  SCV  
  92  7:33  Supply Depot, SCV  
  92  7:35  Hellion x2  
  97  7:38  Supply Depot  
  97  7:42  Factory  
  97  7:43  Supply Depot x2  
  97  7:44  Factory  
  97  7:47  Missile Turret  
  97  7:49  Siege Tank  
  100  7:55  SCV x3  
  100  7:56  Hellion  
  100  7:57  Siege Tank  
  108  8:02  Viking  
  108  8:04  Viking  
  110  8:09  SCV x2  
  112  8:18  Hellion  
  112  8:19  Hellion  
  114  8:20  Supply Depot, SCV  
  114  8:21  SCV  
  114  8:22  Orbital Command  
  114  8:24  Siege Tank  
  119  8:28  Factory Reactor, Factory Tech Lab  
  119  8:34  Refinery  
  119  8:35  Refinery  
  119  8:38  Siege Tank  
  119  8:40  Hellion x2  
  125  8:43  SCV x2  
  126  8:50  SCV  
  126  8:52  SCV  
  128  8:55  SCV x2  
  128  8:59  Viking x2  
  128  9:00  Refinery  
  128  9:02  SCV  
  135  9:04  SCV, Terran Vehicle Weapons Level 2  
  135  9:05  Supply Depot  
  135  9:06  Supply Depot  
  135  9:07  Terran Vehicle And Ship Armor Level 2, SCV  
  135  9:14  Missile Turret  
  131  9:20  Hellion x3, Sensor Tower  
  131  9:23  Siege Tank  
  140  9:26  Siege Tank  
  140  9:29  Siege Tank  
  146  9:34  Hellion  
  146  9:36  Rapid Fire Launchers  
  148  9:39  Supply Depot  
  148  9:44  Viking x2  
  152  9:46  Supply Depot  
  156  9:53  Hellion x2, Infernal Pre-Igniter  
  156  9:56  Siege Tank  
  156  9:57  Liberator x2  
  156  9:58  Siege Tank  
  159  10:01  Siege Tank  
  162  10:08  Hellion x2  
  166  10:19  Command Center  
  172  10:24  SCV x2  
  171  10:31  Hellion x4, Siege Tank  
  171  10:32  Siege Tank  
  171  10:33  Siege Tank  
  182  10:52  Hellion x2  
  182  10:53  Hellion x2  
  188  10:57  Viking x2  
  188  11:03  Siege Tank  
  195  11:15  Command Center  
  195  11:23  Cyclone  
  194  11:25  Cyclone  
  194  11:27  Cyclone  
  194  11:32  Starport x3, Cyclone  
  195  12:01  Viking x2  
  192  12:22  Starport Tech Lab x2  
Tags
 
Add a new tag
Caveats
  • Supply blocks, unpowered buildings, or Contaminate may cause inaccurate times.
  • Supply counts are checked every 10 seconds.